Cogmind - Beta 17 @@@ ROGUE MODE // 2026.06.28 @ 14:39:40 Player: ae Result: Escaped! Performance ------------- Evolutions (9) 4500 Regions Visited (15) 3000 Robots Destroyed (56) 280 Value Destroyed (845) 845 Prototype IDs (35) 700 Alien Tech Used (0) 0 Bonus (7133) 7133 TOTAL SCORE: 16458 Bonus ------- Entered DSFs 500 Aligned with FarCom 300 Win 3000 Win Speed 3333 Cogmind --------- Core Integrity 1579/1600 Matter 168/300 Energy 168/200 System Corruption 0% Temperature Cool (16) Movement Flying (6) Location To Epsilon Eridani Parts ------- > --- POWER (2) -------- Micro Nuclear Core Micro Antimatter Reactor > --- PROPULSION (11) -- Cesium-ion Thruster Cooled VTOL Module Cooled VTOL Module Cooled VTOL Module Cooled VTOL Module Flying Fortress v7 (fused) Q-thruster Q-thruster > --- UTILITY (10) ----- Medium Storage Unit Experimental Optical Array Long-range Terrain Scanner Advanced Terrain Scan Processor Advanced Transmission Jammer Improved Medium Armor Plating Hacking Suite Improved Hacking Suite Improved Hacking Suite Improved System Shield > --- WEAPON (2) ------- Enhanced Nova Cannon Plasma Sword > --- INVENTORY (10) --- Light Particle Reactor Micro Antimatter Reactor ECM Suite Advanced Reaction Control System Improved Medium Armor Plating Graphene Brace Micro-nuke Launcher Improved Plasma Cutter Plasma Sword Plasma Sword Peak State ------------ > --- POWER ------------ Micro Nuclear Core Micro Antimatter Reactor > --- PROPULSION ------- Cesium-ion Thruster Cooled VTOL Module Cooled VTOL Module Cooled VTOL Module Cooled VTOL Module Flying Fortress v7 Q-thruster Q-thruster > --- UTILITY ---------- Medium Storage Unit Experimental Optical Array Long-range Terrain Scanner Advanced Terrain Scan Processor Advanced Transmission Jammer Improved Medium Armor Plating Hacking Suite Improved Hacking Suite Improved Hacking Suite Improved System Shield > --- WEAPON ----------- Enhanced Nova Cannon Plasma Sword > --- INVENTORY -------- Light Particle Reactor Micro Antimatter Reactor ECM Suite Advanced Reaction Control System Improved Medium Armor Plating Graphene Brace Graphene Brace Micro-nuke Launcher Improved Plasma Cutter Power Sword [Rating: 154] Favorites ----------- Power Micro Nuclear Core Engine Backup Power I Power Core Micro Nuclear Core Reactor Micro Antimatter Reactor Propulsion Cooled VTOL Module Treads Light Treads Flight Unit Cooled VTOL Module Utility Hacking Suite Device Long-range Terrain Scanner Storage Medium Storage Unit Processor Advanced Terrain Scan Processor Hackware Hacking Suite Protection Improved Medium Armor Plating Weapon Power Sword Energy Gun Small Laser Energy Cannon Enhanced Nova Cannon Ballistic Gun Light Assault Rifle Ballistic Cannon Mass Driver Launcher Micro-nuke Launcher Special Weapon Plasma Cutter Slashing Weapon Power Sword Piercing Weapon Makeshift Spear Build | -11 -10 -10 -10 -9 -8 -7 -6 -6 -5 -5 -5 -4 -3 -2 -1 ------- Run | Yrd Mat Min Exi Min Mat Fac Fac DSF Fac Was Fac Fac Res Res Acc Slots Evolved 18 | . . . . . 4 2 2 . 2 . . 2 2 2 2 Power 1 | . . . . . . . . . . . . . 1 . . Propulsion 9 | . . . . . 2 2 1 . 1 . . . 1 . 2 Utility 8 | . . . . . 2 . 1 . 1 . . 2 . 2 . Weapon . | . . . . . . . . . . . . . . . . Parts Attached 68 | 4 5 2 1 . 9 8 2 . 1 . 6 8 7 5 10 Power 5 | . 1 . . . 1 1 . . . . 1 . 1 . . Engine 2 | . 1 . . . 1 . . . . . . . . . . Core 2 | . . . . . . 1 . . . . 1 . . . . Reactor 1 | . . . . . . . . . . . . . 1 . . Propulsion 18 | 2 . 2 . . 3 4 1 . 1 . . 1 . 1 3 Treads 2 | 2 . . . . . . . . . . . . . . . Leg . | . . . . . . . . . . . . . . . . Wheel . | . . . . . . . . . . . . . . . . Hover . | . . . . . . . . . . . . . . . . Flight 16 | . . 2 . . 3 4 1 . 1 . . 1 . 1 3 Utility 31 | 1 1 . . . 4 2 1 . . . 3 6 6 3 4 Device 13 | 1 . . . . . . . . . . 2 3 4 1 2 Storage 1 | . . . . . 1 . . . . . . . . . . Processor 6 | . 1 . . . 2 . 1 . . . . 1 . 1 . Hackware 9 | . . . . . 1 2 . . . . 1 2 2 1 . Protection 2 | . . . . . . . . . . . . . . . 2 Artifact . | . . . . . . . . . . . . . . . . Weapon 14 | 1 3 . 1 . 1 1 . . . . 2 1 . 1 3 Energy Gun 1 | 1 . . . . . . . . . . . . . . . Energy Cannon 1 | . . . . . . . . . . . . . . 1 . Ballistic Gun 3 | . 3 . . . . . . . . . . . . . . Ballistic Cannon 1 | . . . . . . . . . . . . 1 . . . Launcher 1 | . . . . . . . . . . . . . . . 1 Special Weapon 2 | . . . . . 1 . . . . . 1 . . . . Impact Weapon . | . . . . . . . . . . . . . . . . Slashing Weapon 4 | . . . . . . 1 . . . . 1 . . . 2 Piercing Weapon 1 | . . . 1 . . . . . . . . . . . . Special Melee Weapon . | . . . . . . . . . . . . . . . . Unidentified Prototypes 7 | . . . . . . . . . . . . . 3 1 3 Parts Lost 2 | . . . . . . . . . . . 1 . . . 1 Power . | . . . . . . . . . . . . . . . . Propulsion 1 | . . . . . . . . . . . . . . . 1 Utility 1 | . . . . . . . . . . . 1 . . . . Weapon . | . . . . . . . . . . . . . . . . Highest Loss Streak 1 | . . . . . . . . . . . 1 . . . 1 To Critical Strikes . | . . . . . . . . . . . . . . . . Average Backups 7 | 1 4 5 3 2 5 6 6 6 7 8 9 9 9 9 8 Power 1 | 1 1 . . . . 1 1 1 1 1 2 1 . 1 1 Propulsion 1 | . 1 4 2 2 3 1 1 1 2 3 2 2 2 2 . Utility 2 | . . . . . . 1 3 3 3 3 3 4 5 3 4 Weapon 1 | . 1 1 . . . 1 1 1 1 1 1 1 1 1 1 Tool/Special . | . . . . . . . . . . . . . . . . Unused Backups 28 | . 2 1 3 . 3 5 . . . . 3 5 1 . 5 Power 8 | . 1 . 2 . . . . . . . 2 1 . . 2 Propulsion 8 | . 1 . 1 . 1 2 . . . . . 2 1 . . Utility 5 | . . . . . 1 1 . . . . . 1 . . 2 Weapon 6 | . . 1 . . 1 2 . . . . . 1 . . 1 Tool/Special 1 | . . . . . . . . . . . 1 . . . . Average Slot Usage (%) 85 | . 82 85 85 85 83 94 93 100 82 76 76 81 84 85 87 Core 3 | . . . . . . 5 6 6 5 5 5 5 4 4 4 Reactor 1 | . . . . . . . . . . . . . 4 4 4 Treads 1 | . 28 4 . . . . . . . . . . . . . Flight 30 | . . 23 28 28 34 42 44 46 35 29 29 26 27 26 31 Device 6 | . 14 14 14 14 2 . . . . . 3 8 5 12 9 Storage 4 | . . . . . 7 7 6 6 5 5 5 5 4 4 4 Processor 9 | . 12 14 14 14 17 6 1 6 5 5 5 9 9 8 8 Hackware 12 | . . . . . 2 15 20 20 17 17 14 15 17 17 16 Ballistic Gun 3 | . 20 28 22 14 2 . . . . . . . . . . Special Weapon 1 | . . . . . . 4 6 6 5 5 5 . . . . Slashing Weapon 3 | . . . . . . 2 6 6 5 5 5 5 4 4 3 Piercing Weapon 2 | . . . 5 14 9 4 . . . . . . . . . Peak Build Rating 154 | 4 7 6 12 12 29 45 51 51 72 73 83 99 117 141 154 Average Rating 77 | 2 5 6 8 12 22 38 47 51 68 72 76 90 114 137 150 On Entrance 50 | . 4 6 6 12 12 29 45 51 51 72 73 83 99 117 141 Avg Prop Armor Cover (%) 28 | 36 29 28 . . . . . 14 . . . . 26 . . Naked Turns . | . . . . . . . . . . . . . . . . Heaviest Build 56 | 2 6 3 4 4 17 20 20 20 20 20 23 31 39 46 56 Greatest Support 102 | 3 40 8 8 8 17 33 39 43 71 71 71 72 77 80 102 Greatest Overweight (x) 1 | . 1 . . . . . . 1 . . . . 1 . . Average Overweight (x) . | . . . . . . . . . . . . . . . . Largest Inventory Capacity 10 | 5 5 5 5 5 10 10 10 10 10 10 10 10 10 10 10 Average Capacity 9 | 5 5 5 5 5 9 10 10 10 10 10 10 10 10 10 10 Most Carried 10 | 3 5 5 5 5 10 10 10 9 10 9 10 10 10 10 10 Average Carried 8 | 1 4 5 4 5 8 9 9 9 8 8 9 9 9 9 8 Final Capacity 10 | 5 5 5 5 5 10 10 10 10 10 10 10 10 10 10 10 Final Carried 10 | 2 5 5 5 5 10 10 9 9 8 9 10 10 10 10 10 Class Distribution -------------------- 26% | Hacker-Sprinter 25% | Hacker-Ninja 16% | Mutant 8% | Hacker-Scout 8% | Sprinter 7% | Hacker-Assassin 5% | Hacker-Mutant Dominant Class ---------------- Mutant | -10/Materials Mutant | -10/Mines Mutant | -10/Exiles Mutant | -9/Mines Sprinter | -8/Materials Hacker-Sprinter | -7/Factory Hacker-Mutant | -6/Factory Hacker-Mutant | -6/DSF Hacker-Mutant | -5/Factory Hacker-Sprinter | -5/Waste Hacker-Sprinter | -5/Factory Hacker-Ninja | -4/Factory Hacker-Scout | -3/Research Hacker-Ninja | -2/Research Hacker-Ninja | -1/Access Resources | -11 -10 -10 -10 -9 -8 -7 -6 -6 -5 -5 -5 -4 -3 -2 -1 ----------- Run | Yrd Mat Min Exi Min Mat Fac Fac DSF Fac Was Fac Fac Res Res Acc Matter Collected 1186 | 230 92 20 . 10 90 80 . . 20 . 50 164 225 30 175 Remotely . | . . . . . . . . . . . . . . . . Salvage Created 1818 | 111 231 . . . 229 288 . . 20 . 50 223 248 54 364 Parts 129 | 6 21 . . . 18 25 . . 1 . 6 11 11 3 27 Haulers Intercepted 5 | . 1 . . . . 2 . . . . . . 1 . 1 Recyclers Shooed 2 | . . . . . . . . . . . 1 1 . . . Parts Field Recycled . | . . . . . . . . . . . . . . . . Retrieved Matter . | . . . . . . . . . . . . . . . . Parts Self-Destructed . | . . . . . . . . . . . . . . . . Prevented . | . . . . . . . . . . . . . . . . Parts Restored . | . . . . . . . . . . . . . . . . Kills | -11 -10 -10 -10 -9 -8 -7 -6 -6 -5 -5 -5 -4 -3 -2 -1 ------- Run | Yrd Mat Min Exi Min Mat Fac Fac DSF Fac Was Fac Fac Res Res Acc Combat Hostiles Destroyed 13 | . 3 . . . . . . . . . . 1 . . 9 Melee 1 | . . . . . . . . . . . . 1 . . . Guns 3 | . 3 . . . . . . . . . . . . . . AOE 9 | . . . . . . . . . . . . . . . 9 Classes Destroyed 9 | 2 3 . . . 3 . . . . . . . . . 1 Worker 10 | . 2 . . . 3 2 . . . . . 2 1 . . Builder 10 | . . . . . 1 2 . . 1 . 2 1 . . 3 Tunneler 4 | 1 . . . . . 1 . . . . . . . 2 . Hauler 5 | . 1 . . . . 2 . . . . . . 1 . 1 Recycler 6 | 1 1 . . . 1 1 . . . . . 1 1 . . Mechanic 1 | . . . . . . . . . . . . . . . 1 Operator 4 | . . . . . 1 . . . . . 1 1 1 . . Watcher 3 | . . . . . 2 1 . . . . . . . . . Swarmer 13 | . 3 . . . . . . . . . . 1 . . 9 Best Kill Streak 9 | 2 4 . . . 3 2 . . 1 . 1 1 2 1 9 Combat Bots Only 9 | . 3 . . . . . . . . . . 1 . . 9 Max Kills in Single Turn 4 | 1 1 . . . 1 1 . . 1 . 1 1 1 1 4 Gunslinging . | . . . . . . . . . . . . . . . . Exploded 4 | . . . . . . . . . . . . . . . 4 Melee 1 | . . . . . . . . . . . . 1 . . . Uniques/NPCs Destroyed . | . . . . . . . . . . . . . . . . Combat | -11 -10 -10 -10 -9 -8 -7 -6 -6 -5 -5 -5 -4 -3 -2 -1 -------- Run | Yrd Mat Min Exi Min Mat Fac Fac DSF Fac Was Fac Fac Res Res Acc Hostile Shots Fired 54 | . 13 2 . 2 2 . . 2 . . 3 10 . 5 15 Missed 26 | . 3 1 . 2 1 . . 1 . . 3 4 . 3 8 Hits 28 | . 10 1 . . 1 . . 1 . . . 6 . 2 7 Projectile 28 | . 10 1 . . 1 . . 1 . . . 6 . 2 7 Damage Taken 527 | . 76 13 . . 14 . . 16 . . . 100 . 21 287 Core 71 | . 8 . . . . . . 16 . . . 26 . . 21 Absorbed by Shields . | . . . . . . . . . . . . . . . . Regen/Repaired (Parts) 49 | . . . . . 11 14 . . . . . 24 . . . Core Remaining (%) 98 | 100 . . . 96 100 100 . 98 . . 100 97 100 100 98 Volleys Fired 49 | 7 17 . . . . . . . . . . 1 5 4 15 Largest 2 | 1 2 . . . . . . . . . . 1 1 1 1 Hottest 120 | 40 40 . . . . . . . . . . 47 47 120 120 Shots Fired 65 | 7 33 . . . . . . . . . . 1 5 4 15 Gun 40 | 7 33 . . . . . . . . . . . . . . Cannon 21 | . . . . . . . . . . . . 1 5 4 11 Launcher 4 | . . . . . . . . . . . . . . . 4 Special . | . . . . . . . . . . . . . . . . Kinetic 38 | . 32 . . . . . . . . . . 1 5 . . Thermal 23 | 7 1 . . . . . . . . . . . . 4 11 Explosive 4 | . . . . . . . . . . . . . . . 4 Electromagnetic . | . . . . . . . . . . . . . . . . Robot Hit Streak 7 | 7 4 . . . . . . . . . . . . . 5 Robot Miss Streak 2 | . 2 . . . . . . . . . . . . . 2 Penetration Max . | . . . . . . . . . . . . . . . . Secondary Targets 1 | . 1 . . . . . . . . . . . . . . Max Gunslinging Chain 1 | . 1 . . . . . . . . . . . . . . Shots Hit Robots 87 | 7 21 . . 2 15 9 . 1 1 . 7 7 5 5 7 Core Hits 47 | 3 9 . . . 7 7 . . . . 2 3 4 . 12 Critical Kills 1 | . 1 . . . . . . . . . . . . . . Critical Parts Destroyed . | . . . . . . . . . . . . . . . . Critical Strikes 4 | . 1 . . . 1 1 . 1 . . . . . . . Destroy 1 | . 1 . . . . . . . . . . . . . . Sever 1 | . . . . . . . . 1 . . . . . . . Impale 2 | . . . . . 1 1 . . . . . . . . . Melee Attacks 202 | . . . . 3 27 36 2 8 1 . 31 29 16 20 29 Impact . | . . . . . . . . . . . . . . . . Slashing 152 | . . . . . . 16 2 8 1 . 31 29 16 20 29 Piercing 50 | . . . . 3 27 20 . . . . . . . . . Sneak Attacks 42 | . . . . 1 8 9 . 1 1 . 4 5 3 4 6 Combat Hostiles . | . . . . . . . . . . . . . . . . Follow-up Attacks . | . . . . . . . . . . . . . . . . Damage Inflicted 5230 | 78 175 . . 102 846 632 . 74 65 . 410 528 405 414 1501 Guns 253 | 78 175 . . . . . . . . . . . . . . Cannons . | . . . . . . . . . . . . . . . . Explosions 1014 | . . . . . . . . . . . . . . . 1014 Melee 3963 | . . . . 102 846 632 . 74 65 . 410 528 405 414 487 Ramming . | . . . . . . . . . . . . . . . . Kinetic 175 | . 175 . . . . . . . . . . . . . . Thermal 78 | 78 . . . . . . . . . . . . . . . Explosive 1014 | . . . . . . . . . . . . . . . 1014 Electromagnetic . | . . . . . . . . . . . . . . . . Impact . | . . . . . . . . . . . . . . . . Slashing 2520 | . . . . . . 137 . 74 65 . 410 528 405 414 487 Piercing 1443 | . . . . 102 846 495 . . . . . . . . . Highest Corruption 9 | . . . . . . . . . 1 9 9 . . . . Average Corruption 8 | . . . . . . . . . 1 6 9 . . . . Corruption Purged . | . . . . . . . . . . . . . . . . Corruption Blocked . | . . . . . . . . . . . . . . . . Effects 10 | . . . . . . . . . 1 2 7 . . . . Message Errors 2 | . . . . . . . . . 1 . 1 . . . . Matter Fused 4 | . . . . . . . . . . 2 2 . . . . Heat Flow Errors 1 | . . . . . . . . . . . 1 . . . . Energy Discharges 1 | . . . . . . . . . . . 1 . . . . Parts Fused 1 | . . . . . . . . . . . 1 . . . . Data Loss (minor) 1 | . . . . . . . . . . . 1 . . . . Overload Shots . | . . . . . . . . . . . . . . . . Overflow Damage 1049 | . . . . 27 181 75 . . 35 . 120 167 16 140 288 Projectiles . | . . . . . . . . . . . . . . . . Explosions 161 | . . . . . . . . . . . . . . . 161 Melee 888 | . . . . 27 181 75 . . 35 . 120 167 16 140 127 Knockbacks . | . . . . . . . . . . . . . . . . Impact . | . . . . . . . . . . . . . . . . Kinetic . | . . . . . . . . . . . . . . . . Secondary . | . . . . . . . . . . . . . . . . Self-Inflicted Damage . | . . . . . . . . . . . . . . . . Shots . | . . . . . . . . . . . . . . . . Rammed . | . . . . . . . . . . . . . . . . Targets Rammed . | . . . . . . . . . . . . . . . . Kicked . | . . . . . . . . . . . . . . . . Crushed . | . . . . . . . . . . . . . . . . Highest Temperature 420 | . . . . . . 88 143 37 13 . 264 . 420 164 300 Average Temperature 63 | . . . . . . 24 56 22 10 . 147 . 44 37 98 Received Heat Transfer 18 | . . . . . 9 . . 9 . . . . . . . Effects 2 | . . . . . . . . . . . . . 2 . . Shutdowns 1 | . . . . . . . . . . . . . 1 . . Matter Decay 1 | . . . . . . . . . . . . . 1 . . Siege Activations . | . . . . . . . . . . . . . . . . Martial Activations . | . . . . . . . . . . . . . . . . Shielding Activations . | . . . . . . . . . . . . . . . . Robots Disrupted . | . . . . . . . . . . . . . . . . Combat Hostiles . | . . . . . . . . . . . . . . . . Robots Corrupted . | . . . . . . . . . . . . . . . . Combat Hostiles . | . . . . . . . . . . . . . . . . Parts Fried . | . . . . . . . . . . . . . . . . Impact Corruptions . | . . . . . . . . . . . . . . . . Robots Melted . | . . . . . . . . . . . . . . . . Combat Hostiles . | . . . . . . . . . . . . . . . . Parts Melted 1 | 1 . . . . . . . . . . . . . . . Heat Transferred 175 | 175 . . . . . . . . . . . . . . . Parts Sabotaged . | . . . . . . . . . . . . . . . . Parts Stolen . | . . . . . . . . . . . . . . . . Parts Stripped . | . . . . . . . . . . . . . . . . Power Chain Reactions . | . . . . . . . . . . . . . . . . Alert | -11 -10 -10 -10 -9 -8 -7 -6 -6 -5 -5 -5 -4 -3 -2 -1 ------- Run | Yrd Mat Min Exi Min Mat Fac Fac DSF Fac Was Fac Fac Res Res Acc Maximum Alert Level 1 | . . . . . . . . . . . . . . . 1 Low Security (%) 96 | 100 100 100 . 100 100 100 100 100 100 100 100 100 100 100 83 Level 1 3 | . . . . . . . . . . . . . . . 16 Level 2 . | . . . . . . . . . . . . . . . . Level 3 . | . . . . . . . . . . . . . . . . Level 4 . | . . . . . . . . . . . . . . . . Level 5 . | . . . . . . . . . . . . . . . . High Security . | . . . . . . . . . . . . . . . . Max Security . | . . . . . . . . . . . . . . . . Peak Influence 346 | 5 85 30 . . 124 56 6 5 7 . 63 40 54 27 346 Initial 51 | . 3 24 . . . 51 . . 2 . . 23 21 . 9 Average 24 | 1 33 12 . . 22 12 1 3 2 . 10 13 28 4 63 Influence Increases 1634 | 10 107 30 . . 215 115 16 5 5 . 198 158 100 85 590 Destroy 0b10 Robot/C 260 | . 60 . . . . . . . . . . 20 . . 180 Destroy 0b10 Robot/NC 215 | 10 20 . . . 40 45 . . 5 . 15 25 20 10 25 Destroy Leader 46 | . 12 . . . 4 6 . . . . . . 2 . 22 Successful Hack 202 | . . . . . 11 9 . . . . 62 15 33 9 63 Disable Machine 75 | . . . . . . . 15 . . . 15 15 . . 30 Destroy Structure 386 | . . . . . 10 25 1 5 . . 46 38 30 51 180 Partial Spotted 165 | . . . . . . 30 . . . . . 15 15 15 90 Lose Combat Pursuer 285 | . 15 30 . . 150 . . . . . 60 30 . . . Influence Decreases 1298 | 5 50 72 20 . 100 230 16 . 10 . 149 167 138 70 271 Entered New Map 182 | . 2 38 20 . . 64 . . 3 . . 26 19 2 8 Time Decay 1086 | 5 48 34 . . 100 166 16 . 7 . 139 141 109 68 253 Lost Part 20 | . . . . . . . . . . . 10 . . . 10 Lost Ally 10 | . . . . . . . . . . . . . 10 . . Squads Dispatched 24 | . . . . . 3 4 . 1 1 . 2 4 1 1 7 Investigation 10 | . . . . . 2 3 . . 1 . 1 2 . . 1 Extermination 6 | . . . . . . 1 . . . . . 1 . 1 3 Reinforcement 6 | . . . . . 1 . . 1 . . 1 1 1 . 1 Assault . | . . . . . . . . . . . . . . . . Garrison 2 | . . . . . . . . . . . . . . . 2 Intercept . | . . . . . . . . . . . . . . . . Searches Triggered . | . . . . . . . . . . . . . . . . Construction Impeded 1 | . . . . . . . . . . . 1 . . . . Haulers Reinforced . | . . . . . . . . . . . . . . . . Active Scanning Responses . | . . . . . . . . . . . . . . . . Cargo Convoy Interrupts . | . . . . . . . . . . . . . . . . Stealth | -11 -10 -10 -10 -9 -8 -7 -6 -6 -5 -5 -5 -4 -3 -2 -1 --------- Run | Yrd Mat Min Exi Min Mat Fac Fac DSF Fac Was Fac Fac Res Res Acc Distress Signals 3 | . 1 . . . . . . . . . . . . 1 1 Communications Jammed . | . . . . . . . . . . . . . . . . Distress Signals . | . . . . . . . . . . . . . . . . Times Spotted 93 | . 6 18 . 2 13 5 . 3 . 6 5 14 3 3 15 Peak Tracking Total 20 | . 4 20 . 2 6 2 . 3 . 6 4 5 1 4 8 Tactical Retreats 14 | . 1 2 . . 4 . . . . . 2 3 . . 2 ECM-based Alert Blocks 9 | . . . . . . . . . . . 4 3 . . 2 Traps | -11 -10 -10 -10 -9 -8 -7 -6 -6 -5 -5 -5 -4 -3 -2 -1 ------- Run | Yrd Mat Min Exi Min Mat Fac Fac DSF Fac Was Fac Fac Res Res Acc Traps Triggered 8 | . . . . . 1 1 . . 1 . . 2 . 1 2 Indirectly . | . . . . . . . . . . . . . . . . Trap Hack Attempts . | . . . . . . . . . . . . . . . . Triggered . | . . . . . . . . . . . . . . . . Disarmed . | . . . . . . . . . . . . . . . . Reprogrammed . | . . . . . . . . . . . . . . . . Reused . | . . . . . . . . . . . . . . . . Traps Extracted . | . . . . . . . . . . . . . . . . Installed . | . . . . . . . . . . . . . . . . Triggered . | . . . . . . . . . . . . . . . . Machines | -11 -10 -10 -10 -9 -8 -7 -6 -6 -5 -5 -5 -4 -3 -2 -1 ---------- Run | Yrd Mat Min Exi Min Mat Fac Fac DSF Fac Was Fac Fac Res Res Acc Machines Disabled 5 | . . . . . . . 1 . . . 1 1 . . 2 Max in Single Turn 1 | . . . . . . . 1 . . . 1 1 . . 1 Garrison Access 4 | . . . . . 1 . . . . . 1 1 . 1 . Energy Cycler 1 | . . . . . . . . . . . . . . . 1 Machines Repaired . | . . . . . . . . . . . . . . . . Machines Dismantled . | . . . . . . . . . . . . . . . . Machines Sabotaged . | . . . . . . . . . . . . . . . . Overloaded Fab Kills . | . . . . . . . . . . . . . . . . Hacking | -11 -10 -10 -10 -9 -8 -7 -6 -6 -5 -5 -5 -4 -3 -2 -1 --------- Run | Yrd Mat Min Exi Min Mat Fac Fac DSF Fac Was Fac Fac Res Res Acc Machines Accessed 55 | . . . 2 . 5 11 1 . 1 . 8 9 3 5 10 Terminals 27 | . . . . . 2 5 1 . 1 . 6 2 3 2 5 Fabricators 5 | . . . . . . 2 . . . . . 1 . 1 1 Repair Stations 4 | . . . . . 1 1 . . . . . 1 . . 1 Recycling Units 4 | . . . . . . 1 . . . . 1 2 . . . Scanalyzers 7 | . . . . . 1 1 . . . . . 2 . 1 2 Garrison Access 6 | . . . . . 1 1 . . . . 1 1 . 1 1 Total Hacks 138 | . . . 2 . 16 30 4 . 2 . 20 22 9 15 18 Successful 79 | . . . 2 . 11 21 1 . . . 10 11 2 12 9 Failed 58 | . . . . . 5 9 3 . 2 . 10 11 7 2 9 Catastrophic 8 | . . . . . . 2 . . 2 . 2 2 . . . Database Lockouts 1 | . . . . . . . . . . . . . . 1 . Manual 39 | . . . 1 . 2 6 . . . . 13 5 1 6 5 Terminals 70 | . . . . . 6 13 4 . 2 . 17 6 9 5 8 Fabricators 16 | . . . . . . 6 . . . . . 3 . 4 3 Repair Stations 12 | . . . . . 4 4 . . . . . 2 . . 2 Recycling Units 4 | . . . . . . 1 . . . . 1 2 . . . Scanalyzers 25 | . . . . . 4 5 . . . . . 7 . 5 4 Garrison Access 9 | . . . . . 2 1 . . . . 2 2 . 1 1 Terminal Hacks 23 | . . . 2 . 1 4 1 . . . 4 3 2 3 3 Record 1 | . . . 1 . . . . . . . . . . . . Part Schematic 1 | . . . . . . . . . . . . 1 . . . Prototype ID Bank 1 | . . . . . 1 . . . . . . . . . . Open Door 1 | . . . . . . . . . . . . . . . 1 Open DSF 1 | . . . . . . . 1 . . . . . . . . Level Access Points 5 | . . . . . . . . . . . 1 1 1 1 1 Branch Access Points 1 | . . . . . . 1 . . . . . . . . . Machine Index 1 | . . . . . . 1 . . . . . . . . . Repair Station Index 1 | . . . . . . . . . . . 1 . . . . Locate Traps 1 | . . . . . . . . . . . . . . 1 . Maintenance Status 1 | . . . . . . . . . . . . . . 1 . Hauler Manifests 2 | . . . . . . 1 . . . . . 1 . . . Registered Components 3 | . . . . . . 1 . . . . 1 . 1 . . Zone Layout 2 | . . . . . . . . . . . 1 . . . 1 Proto ID Catalog 1 | . . . 1 . . . . . . . . . . . . Fabricator Hacks 8 | . . . . . . 3 . . . . . 2 . 2 1 Network Status 1 | . . . . . . 1 . . . . . . . . . Load Schematic 5 | . . . . . . 2 . . . . . 1 . 1 1 Build 2 | . . . . . . . . . . . . 1 . 1 . Repair Station Hacks 11 | . . . . . 4 4 . . . . . 2 . . 1 Scan Component 6 | . . . . . 2 2 . . . . . 1 . . 1 Repair 4 | . . . . . 1 2 . . . . . 1 . . . Refit 1 | . . . . . 1 . . . . . . . . . . Recycling Unit Hacks 3 | . . . . . . 1 . . . . 1 1 . . . Retrieve Components 3 | . . . . . . 1 . . . . 1 1 . . . Scanalyzer 14 | . . . . . 3 5 . . . . . . . 4 2 Insert Component 3 | . . . . . 1 1 . . . . . . . . 1 Analyze 2 | . . . . . 2 . . . . . . . . . . Retrieve Study 9 | . . . . . . 4 . . . . . . . 4 1 Garrison Access Hacks 4 | . . . . . 1 . . . . . 1 1 . 1 . Seal Access 4 | . . . . . 1 . . . . . 1 1 . 1 . Unauthorized Hacks 16 | . . . . . 2 4 . . . . 4 2 . 2 2 Terminals 13 | . . . . . 2 2 . . . . 4 1 . 2 2 Assimilate 3 | . . . . . . 1 . . . . 1 1 . . . Botnet 8 | . . . . . 2 1 . . . . 3 . . 1 1 Disrupt 2 | . . . . . . . . . . . . . . 1 1 Fabricators 3 | . . . . . . 2 . . . . . 1 . . . Prioritize 1 | . . . . . . . . . . . . 1 . . . Recompile 2 | . . . . . . 2 . . . . . . . . . Repair Stations . | . . . . . . . . . . . . . . . . Recycling Units . | . . . . . . . . . . . . . . . . Scanalyzers . | . . . . . . . . . . . . . . . . Garrison Access . | . . . . . . . . . . . . . . . . Data Cores Recovered 2 | . . . . . . . . . . . 1 . 1 . . Used . | . . . . . . . . . . . . . . . . Hacking Detections 34 | . . . . . 3 7 . . 1 . 5 6 3 2 7 Full Trace Events 6 | . . . . . 1 . . . 1 . 1 2 . . 1 Feedback Events 2 | . . . . . . . . . 1 . 1 . . . . Corruption 1 | . . . . . . . . . 1 . . . . . . Hackware Fried 1 | . . . . . . . . . . . 1 . . . . Feedback Blocked 1 | . . . . . . . . . . . . 1 . . . Robot Schematics Acquired . | . . . . . . . . . . . . . . . . Robots Built . | . . . . . . . . . . . . . . . . Authchips . | . . . . . . . . . . . . . . . . Time . | . . . . . . . . . . . . . . . . Total Robot Build Rating . | . . . . . . . . . . . . . . . . Part Schematics Acquired 2 | . . . . . 1 . . . . . . 1 . . . Parts Built 2 | . . . . . . . . . . . . 1 . 1 . Authchips 2 | . . . . . . . . . . . . 1 . 1 . Time 111 | . . . . . . . . . . . . 67 . 44 . Total Part Build Rating 8 | . . . . . . . . . . . . 4 . 4 . Part Studies Acquired 9 | . . . . . . 4 . . . . . . . 4 1 Parts Repaired 4 | . . . . . 1 2 . . . . . 1 . . . Time 205 | . . . . . 38 120 . . . . . 47 . . . Parts Recycled . | . . . . . . . . . . . . . . . . Recycled Matter . | . . . . . . . . . . . . . . . . Retrieved Matter . | . . . . . . . . . . . . . . . . Retrieved Components 5 | . . . . . . 1 . . . . 2 2 . . . Parts Scanalyzed 1 | . . . . . 1 . . . . . . . . . . Part Schematics Acquired 1 | . . . . . 1 . . . . . . . . . . Parts Damaged 1 | . . . . . 1 . . . . . . . . . . Bothacking | -11 -10 -10 -10 -9 -8 -7 -6 -6 -5 -5 -5 -4 -3 -2 -1 ------------ Run | Yrd Mat Min Exi Min Mat Fac Fac DSF Fac Was Fac Fac Res Res Acc Used RIF Installer . | . . . . . . . . . . . . . . . . Robots Hacked . | . . . . . . . . . . . . . . . . Non-combat . | . . . . . . . . . . . . . . . . Combat . | . . . . . . . . . . . . . . . . Robot Hacks Applied . | . . . . . . . . . . . . . . . . Relay Couplers Released 1 | . . . . . 1 . . . . . . . . . . Machine Destruction 1 | . . . . . 1 . . . . . . . . . . Fabnet Peak Effective % . | . . . . . . . . . . . . . . . . Robots Rewired . | . . . . . . . . . . . . . . . . Allies Hacked . | . . . . . . . . . . . . . . . . Hacks Repelled . | . . . . . . . . . . . . . . . . Allies | -11 -10 -10 -10 -9 -8 -7 -6 -6 -5 -5 -5 -4 -3 -2 -1 -------- Run | Yrd Mat Min Exi Min Mat Fac Fac DSF Fac Was Fac Fac Res Res Acc Total Allies 3 | . . . . . . 1 . . . 1 . 1 . . . Largest Group 1 | . . . . . . 1 . . . 1 . 1 1 . . Highest-Rated Group 31 | . . . . . . 10 . . . 31 . 10 10 . . Highest-Rated Ally 31 | . . . . . . 10 . . . 31 . 10 10 . . Total Orders . | . . . . . . . . . . . . . . . . Ally Attacks 7 | . . . . . . . . . . 7 . . . . . Total Damage 105 | . . . . . . . . . . 105 . . . . . Kills . | . . . . . . . . . . . . . . . . Allies Corrupted . | . . . . . . . . . . . . . . . . Allies Melted . | . . . . . . . . . . . . . . . . Intel | -11 -10 -10 -10 -9 -8 -7 -6 -6 -5 -5 -5 -4 -3 -2 -1 ------- Run | Yrd Mat Min Exi Min Mat Fac Fac DSF Fac Was Fac Fac Res Res Acc Active Infowar (turns) 3109 | 2 193 119 88 119 312 422 . . . . 268 393 236 242 715 Optics 2194 | . . . . . 225 422 . . . . . 354 236 242 715 Terrain 1132 | . . . . . . . . . . . . 2 190 240 700 Structural 704 | . . . . . . . . . . . 253 393 58 . . Seismic 608 | 2 193 119 88 119 87 . . . . . . . . . . Jamming 75 | . . . . . . . . . . . . . . 37 38 ECM 394 | . . . . . . . . . . . 15 133 12 . 234 Robot Analysis Total . | . . . . . . . . . . . . . . . . Derelict Logs Recovered 1 | . . . . 1 . . . . . . . . . . . Drone Launches . | . . . . . . . . . . . . . . . . Drone Recoveries . | . . . . . . . . . . . . . . . . Exploration | -11 -10 -10 -10 -9 -8 -7 -6 -6 -5 -5 -5 -4 -3 -2 -1 ------------- Run | Yrd Mat Min Exi Min Mat Fac Fac DSF Fac Was Fac Fac Res Res Acc Turns Passed 3599 | 52 193 119 88 119 326 501 63 66 24 42 420 393 236 242 715 Spaces Moved 7983 | 59 260 288 216 300 637 1450 218 72 69 122 932 909 465 634 1352 Core 326 | 59 259 8 . . . . . . . . . . . . . Treads 1 | . 1 . . . . . . . . . . . . . . Legs . | . . . . . . . . . . . . . . . . Wheels . | . . . . . . . . . . . . . . . . Hover . | . . . . . . . . . . . . . . . . Flight 7656 | . . 280 216 300 637 1450 218 72 69 122 932 909 465 634 1352 Fastest Speed 6 | 50 50 37 37 37 28 20 17 11 17 26 26 26 22 22 6 Average Speed 25 | 50 51 37 37 37 29 22 18 50 24 26 26 26 28 22 16 Slowest Speed 160 | 50 160 50 37 37 37 28 20 99 26 26 26 26 94 23 17 Overloaded Moves 7 | . . . . . . . . 5 . . . . . . 2 Propulsion Burnouts . | . . . . . . . . . . . . . . . . Robots Hopped 32 | . . 1 . 1 7 5 . . . . . 4 . 12 2 Potential Cave-ins 5 | . . . . . . . . . . . . . . . 5 Cave-ins Triggered . | . . . . . . . . . . . . . . . . Exploration Rate (%) 37 | 3 42 48 60 77 54 37 5 61 3 77 21 30 13 20 42 Regions Visited 15 Branch Regions 3 Pre-discovered Areas 2 | . . . 1 1 . . . . . . . . . . . Known Exits Taken 5 | . . . . . . . 1 . . . 1 1 1 1 . Unknown Exits Taken 7 | 1 1 1 1 1 1 1 . . . . . . . . . Scrap Searched . | . . . . . . . . . . . . . . . . Spaces Dug 145 | . . . . . 10 25 1 5 . . 23 19 13 15 34 Terrain Destroyed 181 | . . . . . 10 25 1 5 . . 23 19 16 19 63 Melee 130 | . . . . . 10 25 1 5 . . 23 18 11 15 22 Projectile 20 | . . . . . . . . . . . . 1 5 4 10 AOE 31 | . . . . . . . . . . . . . . . 31 Terrain Rammed . | . . . . . . . . . . . . . . . . Walls Destroyed . | . . . . . . . . . . . . . . . . Machines Disabled . | . . . . . . . . . . . . . . . . Actions | -11 -10 -10 -10 -9 -8 -7 -6 -6 -5 -5 -5 -4 -3 -2 -1 --------- Run | Yrd Mat Min Exi Min Mat Fac Fac DSF Fac Was Fac Fac Res Res Acc Total 9118 | 72 296 297 226 303 742 1580 236 86 76 131 1058 1021 538 684 1772 Wait 696 | . 1 7 . 2 58 68 15 7 . 9 73 53 28 26 349 Move 7907 | 58 259 285 215 297 624 1439 217 71 69 121 931 900 464 610 1347 Hop 29 | . . 1 . 1 5 5 . . . . . 4 . 11 2 Pick Up 69 | 3 6 1 3 . 10 11 . . 2 1 7 12 4 4 5 Fast Attach 34 | 3 4 . . . 6 3 1 . . . 3 2 6 2 4 Attach 21 | 1 1 . 1 . 2 3 1 . 1 . . 3 2 3 3 Detach 13 | . 3 . 1 . 3 2 . . 1 . . 1 . 1 1 Swap 32 | . . 2 . . 1 3 . . . . 4 5 5 1 11 Drop 65 | . 5 1 6 . 6 10 . . 2 . 9 10 8 2 6 Fire 49 | 7 17 . . . . . . . . . . 1 5 4 15 Melee 202 | . . . . 3 27 36 2 8 1 . 31 29 16 20 29 Ram . | . . . . . . . . . . . . . . . . Kick . | . . . . . . . . . . . . . . . . Crush . | . . . . . . . . . . . . . . . . Escape Stasis 1 | . . . . . . . . . . . . 1 . . . Rewire . | . . . . . . . . . . . . . . . . Trap . | . . . . . . . . . . . . . . . . Miscellaneous . | . . . . . . . . . . . . . . . . Route ------- -11/Scrapyard -10/Materials (discovered 3 exits: [*Mat x2] / [*Min]) -10/Mines (discovered 2 exits: *Exi / [*Sub]) -10/Exiles -9/Mines -8/Materials -7/Factory (discovered 5 exits: *Fac / *Sto x2 / *Low x2) -6/Factory -6/DSF -5/Factory -5/Waste -5/Factory (discovered 5 exits: *Fac x4 / [*Upp]) -4/Factory (discovered 5 exits: *Res x4 / [*Upp]) -3/Research (discovered 3 exits: *Res x3) -2/Research (discovered 4 exits: *Acc x3 / [*Tes]) -1/Access (discovered 2 exits: *Sur / [Com]) To Epsilon Eridani History --------- Turn | Location | Event 7 | -11/Scrapyard | Discovered new exit (range 14) 53 | -11/Scrapyard | Entered Materials 137 | -10/Materials | Discovered new exit (range 13) 191 | -10/Materials | Discovered new exit (range 16) 213 | -10/Materials | Discovered new exit (range 13) 246 | -10/Materials | Entered Mines 247 | -10/Mines | Assembled infested the area 312 | -10/Mines | Build established: Mutant 323 | -10/Mines | Discovered new exit (range 6) 333 | -10/Mines | A weapon hastily lodged in a ceiling crevice suddenly fell to the ground 344 | -10/Mines | Met 8R-AWN 361 | -10/Mines | Discovered new exit (range 5) 365 | -10/Mines | Entered Exiles 381 | -10/Exiles | Welcomed by 8R-AWN 386 | -10/Exiles | Met EX-HEX 396 | -10/Exiles | Met EX-BIN 401 | -10/Exiles | Aligned with FarCom system 402 | -10/Exiles | Given EX-Vault access code 411 | -10/Exiles | Opened EX-Vault 417 | -10/Exiles | Found Flying Fortress v7 425 | -10/Exiles | Warned to stay clear of 0b10 Research branches 436 | -10/Exiles | Met EX-DEC 437 | -10/Exiles | Learned location of Zion (-7) 449 | -10/Exiles | Discovered new exit (range 10) 453 | -10/Exiles | Left Exiles lab with Flying Fortress v7 453 | -10/Exiles | Entered Mines 454 | -9/Mines | Joined a pair of Derelicts in attacking an 0b10 outpost 469 | -9/Mines | Discovered new exit (range 6) 515 | -9/Mines | Learned location of Storage (-7) 572 | -9/Mines | Entered Materials 572 | -8/Materials | Evolved 4 slots: Propulsion x2, Utility x2 723 | -8/Materials | Discovered new exit (range 19) 832 | -8/Materials | Repaired Lgt. Deuterium Engine? 898 | -8/Materials | Entered Factory 898 | -7/Factory | Evolved 2 slots: Propulsion x2 940 | -7/Factory | Discovered new exit (range 6) 1062 | -7/Factory | Repaired Broken Cld. VTOL Module 1102 | -7/Factory | Repaired Plasma Cutter 1165 | -7/Factory | Discovered new exit (range 9) 1367 | -7/Factory | Discovered new exit (range 12) 1379 | -7/Factory | Identified exit to Storage 1379 | -7/Factory | Identified exit to Lower Caves 1399 | -7/Factory | Entered another Factory area 1399 | -6/Factory | Evolved 2 slots: Propulsion x1, Utility x1 1443 | -6/Factory | Identified exit to DSF 1462 | -6/Factory | Entered DSF 1485 | -6/DSF | Additional patrols routed to DSF 1519 | -6/DSF | Discovered new exit (range 15) 1528 | -6/DSF | Entered Factory 1528 | -5/Factory | Evolved 2 slots: Propulsion x1, Utility x1 1552 | -5/Factory | Sucked down chute 1552 | -5/Factory | Entered Waste 1553 | -5/Waste | Met a frightened Derelict 1558 | -5/Waste | Spotted C-40 Crusher 1558 | -5/Waste | Spotted C-40 Crusher 1567 | -5/Waste | EMP discharged 1568 | -5/Waste | Spotted C-40 Crusher 1568 | -5/Waste | Spotted C-40 Crusher 1568 | -5/Waste | Spotted C-40 Crusher 1583 | -5/Waste | Spotted C-40 Crusher 1588 | -5/Waste | Discovered new exit (range 11) 1594 | -5/Waste | Entered Factory 1602 | -5/Factory | Hacking Suite fried by hacking feedback 1805 | -5/Factory | Identified exit to Factory 1837 | -5/Factory | Build established: Hacker-Sprinter 1963 | -5/Factory | Discovered new exit (range 15) 2014 | -5/Factory | Entered another Factory area 2014 | -4/Factory | Evolved 2 slots: Utility x2 2127 | -4/Factory | Repaired Broken Mic. Antimatter Reactor? 2181 | -4/Factory | Fabricated Cld. VTOL Module (x1) 2301 | -4/Factory | Discovered new exit (range 7) 2319 | -4/Factory | Identified exit to Research 2407 | -4/Factory | Entered Research 2407 | -3/Research | Accompanied by 1 ally 2407 | -3/Research | Evolved 2 slots: Power x1, Propulsion x1 2459 | -3/Research | Discovered new exit (range 22) 2495 | -3/Research | Identified exit to Research 2552 | -3/Research | Found Prototype Device 2552 | -3/Research | Identified Exp. Thermal Shield 2643 | -3/Research | Entered another Research area 2643 | -2/Research | Evolved 2 slots: Utility x2 2709 | -2/Research | Fabricated Cld. VTOL Module (x1) 2725 | -2/Research | Central database locked down 2740 | -2/Research | Identified exit to Access 2770 | -2/Research | Spotted B-90 Cyclops 2861 | -2/Research | Discovered new exit (range 20) 2885 | -2/Research | Entered Access 2885 | -1/Access | Evolved 2 slots: Propulsion x2 2894 | -1/Access | Found Prototype Processor 2917 | -1/Access | Energy Cycler disabled 2926 | -1/Access | Build established: Hacker-Ninja 2946 | -1/Access | Identified Exp. Signal Interpreter 3013 | -1/Access | Spotted B-99 Colossus 3286 | -1/Access | Discovered new exit (range 24) 3381 | -1/Access | Identified exit to Surface 3485 | -1/Access | Garrison activated, responded to threat 3510 | -1/Access | Destroyed 9 combat bots 3536 | -1/Access | Spotted B-99 Colossus 3536 | -1/Access | Spotted B-99 Colossus 3549 | -1/Access | Watched by a mysterious "MATRIX" hacker 3600 | *** | Escaped! Last Messages --------------- U pH33l L1K3 j00'r3 b31N' W47Ch3D, pRoB48Ly ku2 j0o 4R3. >>Trojan(Botnet) Trojan loaded successfully. Testing... Terminal linked with 0 systems. Awaiting botnet instructions. 03557_ Connecting with Terminal... 03570_ Connecting with Fabricator... >>Load(Lrg. Storage Unit) Uploading Lrg. Storage Unit schematic... Loaded successfully: Lrg. Storage Unit Rating: 1 Time: 17 Initiate build sequence. 03570_ ALERT: Suspicious activity at Fabricator A004. Dispatching Investigation squad. 03571_ ALERT: Potential suspicious activity detected, Programmers report to Access Zone 6H. 03590_ The Access Shell folds into the floor. Map ----- +----------------------------------------------------+ | ### ##### #?##?# ##?#????? ? | | ###### # # # ####" ###### ####? ???? | | #?#?# % # ###?## #?##? ??"? | | ##### ==%= ! # ###?## ##### S" | | #?### * # ##?#?# ##### """ | | ??#?# # ####?# + # """ | | ###?# + ##?### ##### | | ##### """"T"""" # ###### ##?## | | ?#?## """"""""""" # ###### #########+# | | ??#?################### ###### + # | | ?##?##??########?### ### # # | | ?##?#??#?##?#??#?#?# ### # ###### # | | #?#####?#??###??#??# ### # ###??# # | | #????######??#?#?###? #?########+###### # | | ?#??##??####?####### BB BB #?##??# ! # # | | ?#?#################?BB BB ##?#### # # | | ?##?#####?#####?#?## ? ####### ! = # # | | ??####?##?##########"?""""""""#####?# # # | | ????##?######?####??""""""""""####### ""T"" # # | | ????################""""""""""#####?# p""""" # # | | ???#?### ###?#""""""""""#?##?## # # | | ?? ?#??# ##### ####### !# # | | ?????### ##### #??########+##### # | | ???#??# ##### #?######## # | | ?? ??## ##### "" ### ! + p # | | ???????# ###?# "@ #?# # # | | ?? ?### ##?## ### # # | | ??????## * ##### ### # # | | ??????## ###?# ### # # | | ?? ????# #?### ### # # | | ???#??## ##?# ## "" + # | | ??? ? ?# #??##"" ### "" # + | | ???????# #?###"" ### Y" # # | | ??##? ?# #?#?#"" ### "" # # | | ??#?? ## #####T ### "" # # | | ??##? ?# #?###"" ### # # | | #?#? ?## ###?#"" ### # # | | ??## ########+#####"" ##"####### | | ???# | | ???# | | ???##############################"########+### | | #????##??##??##??#??##???#####?### ##### | | ???#?#??#?#?##?###?#?#??##???###?# ####? | | ?????##??#??#??#??#?#?##????######""" #?#?? | | ?????##?????##??##??###?#####?####""F #?#?# | | ??#?????#?######??###???###?##?###"" #???? | | ???##???###?#??######?###??##?#??#""" #??#? | | ???????????##???########?####?####""" ##??# | | ?#????#?#????#???###########?##?## * ###?# | | ????#??#???#?##?#??#####?#?##??#?# #??## | +----------------------------------------------------+ Best States ------------- Heat Dissipation 52 Energy Generation 31 Energy Capacity 200 Matter Stores 300 Matter Capacity 300 Sight Range 23 Terrain Scan Range 24 Terrain Scan Density 210 ECM Strength 1 Jamming Range 16 Armor Coverage 450 Evasion (%) 77 Targeting Accuracy 5 Melee Accuracy 5 Recoil Reduction 2 Offensive Hacking 34 Defensive Hacking 22 Authchip Count 2 Item Schematics ----------------- Cld. VTOL Module | -8/Materials | Scanalyzed Lrg. Storage Unit | -4/Factory | Hacked Robot Schematics ------------------ None Fabricated ------------ Cld. VTOL Module | x1 | -4/Factory | Authchip Cld. VTOL Module | x1 | -2/Research | Authchip Repaired ---------- Lgt. Deuterium Engine | 78% | -8/Materials Cld. VTOL Module | 99% | -7/Factory | Broken Plasma Cutter | 53% | -7/Factory Mic. Antimatter Reactor | 65% | -4/Factory | Broken Studied --------- Flight Unit | -7/Factory | Hacked Cesium-ion Thruster | -7/Factory | Hacked VTOL Module | -7/Factory | Hacked Lgt. Deuterium Engine | -7/Factory | Hacked Mic. Antimatter Reactor | -2/Research | Hacked Field Propulsion Drive | -2/Research | Hacked Q-thruster | -2/Research | Hacked Mic. Nuclear Core | -2/Research | Hacked Enh. Nova Cannon | -1/Access | Hacked Alien Tech Used ----------------- None Achievements -------------- None Challenges ------------ None Game ------ Seed ProtonRingAutominer Manual? 0 Play Time 01:14:40 Cumulative 326.7 hours Start 2026.06.28 @ 13:24:21 End 2026.06.28 @ 14:39:40 Sessions 1 Manual Loads 0 Difficulty Rogue Special Mode None Game No. 210 Rogue 206 Adventurer 4 Explorer 0 Win Type 0 Total 95 Types 80/0/9/2/1/1/1/0/0/1 Lore% 90 Gallery% 71 Achievement% 70 Wizard Run 0 Options --------- Layout 0 ASCII 0 Keyboard 1 Movement Vi Keybinds 1 Fullscreen 2 Font 18/SmallcapsGlow Map View 76x50 Zoom Use 0% Tactical HUD 1 Map Filters NONE Filters NONE Steam 1 RUN: 091a3e2e-d5ef-4c13-9f9b-f544cea5057b